 Dungeon Sprint DCSS version 0.23.1 (webtiles) character file.

Game seed: 12777138953610369956

289 Lauz the Cleaver (level 6, -6/56 HPs)
             Began as a Minotaur Gladiator on Mar 5, 2019.
             Mangled by a yak (16 damage)
             ... in the Dungeon (Sprint I: "Red Sonja").
             The game lasted 00:01:15 (688 turns).

Lauz the Cleaver (Minotaur Gladiator)                Turns: 688, Time: 00:01:16

Health: -6/56      AC:  3    Str: 21    XL:     6   Next: 9%
Magic:  5/5        EV: 16    Int:  5    God:
Gold:   178        SH:  0    Dex: 11    Spells: 5/5 levels left

rFire    . . .     SeeInvis .   a - +0 war axe
rCold    . . .     Gourm    .   (no shield)
rNeg     . . .     Faith    .   b - +0 leather armour
rPois    .         Spirit   .   c - +0 hat
rElec    .         Reflect  .   (no cloak)
rCorr    .         Harm     .   (no gloves)
MR       .....     NoTele   +   (no boots)
Stlth    +.........             (no amulet)
HPRegen  0.18/turn              (no ring)
MPRegen  0.09/turn              (no ring)

@: no status effects
A: retaliatory headbutt, horns 2
a: no special abilities


You were in the Dungeon.
You were not hungry.

You visited 1 branch You collected 178 gold pieces.

Inventory:

Hand Weapons
 a - a +0 war axe (weapon)
Missiles
 d - 2 throwing nets (quivered)
Armour
 b - a +0 leather armour (worn)
 c - a +0 hat (worn)
Scrolls
 k - a scroll of blinking
Potions
 e - a potion of curing
 g - a potion of heal wounds
 h - a potion of haste
 i - 2 potions of magic
 j - a potion of berserk rage
 l - a potion of lignification {unknown}
Comestibles
 f - a ration


   Skills:
 + Level 5.4 Fighting
 + Level 11.0 Axes
 - Level 2.0 Throwing
 + Level 2.6 Armour
 + Level 9.2 Dodging


You had 5 spell levels left.
You didn't know any spells.
Your spell library was empty.

Dungeon Overview and Level Annotations

Branches:
Dungeon (1/1)

Altars:
Cheibriados
Dithmenos
Elyvilon
Fedhas
Hepliaklqana
Kikubaaqudgha
Okawaru
Qazlal
Ru
Sif Muna
Trog
Uskayaw
Vehumet
Wu Jian
Yredelemnul
Zin
The Shining One

Shops:
D *


Innate Abilities, Weirdness & Mutations

You reflexively headbutt those who attack you in melee.
You have a pair of horns on your head.


Message History

You slash the yak!
The yak is heavily wounded.
The yak gores you!
You hit the yak but do no damage.
The yak is heavily wounded.
The yak gores you!
You hit the yak.
The yak is severely wounded.
The yak closely misses you. You furiously retaliate!
You headbutt the yak. You barely miss the yak. Your headbutt misses the yak.
The yak is severely wounded.
The yak gores you!
* * * LOW HITPOINT WARNING * * *
You hit the yak. You headbutt the yak, but do no damage.
The yak is severely wounded.
The yak closely misses you.
You completely miss the yak.
The yak is severely wounded.
The yak gores you!
You die...

################
#<.#..').#..'..#
#..').#..').#..+
#..#####'#####'#
#..# #..# #(#
#..#__#### ##.#
#..#_____##+#_.+
#⌠⌠#_.∩...Y@.._#
####_..__##_.#+#
___ ##+# #


You could see a yak.

Vanquished Creatures
  Sigmund (D)
  An ogre (D)
  A jelly (D)
  Ijyb (D)
4 creatures vanquished.

Notes
Turn   | Place    | Note
-------+----------+-------------------------------------------
     0 | D        | Lauz the Minotaur Gladiator began the quest for the Orb.
     0 | D        | Reached XP level 1. HP: 18/18 MP: 0/0
     2 | D        | Noticed Ijyb
     9 | D        | Killed Ijyb
     9 | D        | Reached skill level 5 in Axes
     9 | D        | Reached skill level 5 in Dodging
     9 | D        | Reached XP level 2. HP: 26/26 MP: 1/1
    13 | D        | Noticed an ogre
    16 | D        | Killed an ogre
    16 | D        | Reached skill level 8 in Axes
    16 | D        | Reached XP level 3. HP: 8/34 MP: 2/2
    16 | D        | Reached XP level 4. HP: 10/41 MP: 3/3
   269 | D        | Noticed Sigmund
   286 | D        | Killed Sigmund
   286 | D        | Reached skill level 5 in Fighting
   286 | D        | Reached skill level 10 in Axes
   286 | D        | Reached XP level 5. HP: 26/48 MP: 4/4
   433 | D        | Found an ornate altar of the Wu Jian Council.
   433 | D        | Found a deep blue altar of Sif Muna.
   435 | D        | Found a radiant altar of Vehumet.
   439 | D        | Reached skill level 11 in Axes
   439 | D        | Reached XP level 6. HP: 25/56 MP: 5/5
   681 | D        | Found Wogeghec's Assorted Antiques.
   681 | D        | Found an ancient bone altar of Kikubaaqudgha.
   681 | D        | Found a hazy altar of Hepliaklqana.
   681 | D        | Found a stormy altar of Qazlal.
   681 | D        | Found a hide-covered altar of Uskayaw.
   681 | D        | Found a blossoming altar of Fedhas.
   681 | D        | Found a bloodstained altar of Trog.
   681 | D        | Found an iron altar of Okawaru.
   681 | D        | Found a basalt altar of Yredelemnul.
   681 | D        | Found a glowing golden altar of the Shining One.
   681 | D        | Found a snail-covered altar of Cheibriados.
   681 | D        | Found a sacrificial altar of Ru.
   681 | D        | Found a glowing silver altar of Zin.
   681 | D        | Found a shadowy altar of Dithmenos.
   681 | D        | Found a white marble altar of Elyvilon.
   681 | D        | Noticed a yak
   688 | D        | Mangled by a yak

Skill      XL: |  1  2  3  4  5 |
---------------+----------------+-----
Fighting       | 3 4 5 |  5.4
Axes           | 5 8 10 11 | 11.0
Dodging        | 5 7 9 |  9.2
Armour         | 2 |  2.6
Throwing       | |  2.0

Action                   |  1- 3 |  4- 6 || total
-------------------------+-------+-------++-------
Melee: War axe           |     8 |    22 ||    30
       Headbutt          |     1 |     3 ||     4
Throw: Throwing net      |     1 |       ||     1
Dodge: Dodged            |     4 |     9 ||    13
